 Dungeon Crawl Stone Soup version 0.28.0-43-g3370ac3207 (webtiles) character file.

Game seed: 17502632528791253365

390 pkoi the Gusty (level 6, -19/32 (35) HPs)
             Began as a Deep Elf Air Elementalist on Mar 21, 2022.
             Was an Initiate of Sif Muna.
             Killed by an exploding wight (31 damage)
             ... ignited by their inner flame
             ... on level 3 of the Dungeon.
             The game lasted 00:07:30 (4804 turns).

pkoi the Gusty (Deep Elf Air Elementalist)          Turns: 4804, Time: 00:07:31

HP:   -19/32 (35)   AC:  5    Str:  5    XL:     6   Next: 50%
MP:   13/14         EV: 13    Int: 22    God:    Sif Muna [......]
Gold: 109           SH:  0    Dex: 15    Spells: 2/14 levels left

rFire   . . .      SeeInvis .   c - +3 dagger
rCold   . . .      Faith    .   (no shield)
rNeg    . . .      Spirit   .   a - +1 robe
rPois   .          Reflect  .   i - +2 hat
rElec   .          Harm     .   (no cloak)
rCorr   .          Rampage  .   (no gloves)
Will    .....                   (no boots)
Stlth   ++........              (no amulet)
HPRegen 0.10/turn               (no ring)
MPRegen 0.14/turn               (no ring)

@: drained
A: no striking features
a: Renounce Religion


You were on level 3 of the Dungeon.
You worshipped Sif Muna.
Sif Muna was noncommittal.
You visited 2 branches of the dungeon, and saw 5 of its levels.

You collected 109 gold pieces.

Inventory:

Hand Weapons
 c - a +3 dagger (weapon)
Armour
 a - a +1 robe (worn)
 h - the +0 leather armour of Xijaoza {Str+3}
   (You found it on level 2 of the Dungeon)

   Str:       It affects your strength (+3).
 i - a +2 hat (worn)
Jewellery
 g - a ring of fire
Wands
 j - a wand of paralysis (14)
Scrolls
 b - a scroll of amnesia
 d - a scroll of enchant armour
 f - a scroll of teleportation
Potions
 e - a potion of magic
 k - 2 potions of curing
 l - a potion of haste {unknown}


   Skills:
 - Level 1.7 Fighting
 - Level 1.1 Armour
 - Level 3.7 Dodging
 - Level 2.4 Stealth
 + Level 4.5 Spellcasting
 + Level 1.8 Conjurations
 * Level 5.4 Air Magic
 + Level 0.1 Poison Magic


You had 2 spell levels left.
You knew the following spells:

 Your Spells              Type           Power      Damage    Failure   Level
a - Shock                 Conj/Air       80%        1d8       2%          1
b - Static Discharge      Conj/Air       20%        N/A       3%          2
c - Swiftness             Air            28%        N/A       3%          3
d - Airstrike             Air            14%        N/A       12%         4
e - Poisonous Vapours     Pois/Air       34%        N/A       5%          2

Your spell library contained the following spells:

 Spells                   Type           Power      Damage    Failure   Level
 Corpse Rot               Necr/Air       32%        N/A       5%          2
 Lightning Bolt           Conj/Air       10%        1d23      54%         5
 Maxwell's Capacitive Co  Air            14%        โˆž       100%        8


Dungeon Overview and Level Annotations

Branches:
Dungeon (4/15)             Temple (1/1) D:4

Altars:
Ashenzari
Dithmenos
Fedhas
Gozag
Hepliaklqana
Makhleb
Nemelex Xobeh
Okawaru
Qazlal
Ru
Sif Muna
Uskayaw
Vehumet
Wu Jian
Xom
The Shining One


Message History

The wight is heavily damaged.
The wight hits you with a +0 short sword!
* * * LOW HITPOINT WARNING * * *
You feel drained.
* * * LOW HITPOINT WARNING * * *
There is a stone staircase leading up here.
There are no items here.
Unknown command.
The wight hits you with a +0 short sword!
* * * LOW HITPOINT WARNING * * *
You feel drained.
* * * LOW HITPOINT WARNING * * *
You climb upwards.
Level annotation: Sigmund
There is a stone staircase leading down here.
Unknown command.
Unknown command.
The wight hits you with a +0 short sword.
* * * LOW HITPOINT WARNING * * *
Sigmund laughs darkly.
As you read the scroll labelled NOIRADANKE, it crumbles to dust.
The creatures around you are filled with an inner flame!
It was a scroll of immolation.
The wight barely misses you.
You see here a rat skeleton.
Aiming: Shock (safe; 2% risk of failure)
Press: ? - help, Q - select action, (/) - cycle Shift-Dir - straight line, f - wight
Aim: a wight, wielding a +0 short sword and wearing a +0 robe (moderately damaged, inner flame, 71% to hit)
The zap hits the wight.
Flame seeps out of the wight.
The wight is heavily damaged.
The zap hits Sigmund!
Flame seeps out of Sigmund.
Sigmund is moderately wounded.
Sigmund is engulfed in blazing flames.
Flame seeps out of Sigmund.
The wight is engulfed in blazing flames.
Sif Muna accepts your kill.
The wight explodes!
The fiery explosion engulfs Sigmund!
Sif Muna accepts your kill. The fiery explosion engulfs you!!
Ouch! That really hurt!
You die...

#........#.#.###
#........#@....#
###........#.>....
#.........##...#.#
#.##########...#.#
#โ—‹# #...... #ยง#
#.#.... #โ—‹#
#.#.... #@#
#.#....
#.##########.#....
#............#....
##############.#.#
#...........#.#
#.###########.#
#.# #.# #.# #.#
#.# #.#


There were no monsters in sight!

Vanquished Creatures
  Sigmund (D:3)
  A bullfrog (D:3)
  A gnoll sergeant (D:3)
  A wight (D:3)
  Jessica (D:3)
  An iguana (D:4)
  Natasha (thrice) (D:2)
  Terence (D:3)
  3 gnolls
  3 adders
  A worm (D:2)
  A dart slug (D:3)
  8 orcs
  3 ball pythons
  6 endoplasms
  3 goblins
  3 hobgoblins
  4 kobolds
  5 quokkas
  2 bats
  4 frilled lizards
  7 rats
63 creatures vanquished.

Vanquished Creatures (others)
  4 plants (D:1)
4 creatures vanquished.

Grand Total: 67 creatures vanquished

Notes
Turn   | Place    | Note
-------+----------+-------------------------------------------
     0 | D:1      | pkoi the Deep Elf Air Elementalist began the quest for the
                  | Orb.
     0 | D:1      | Reached XP level 1. HP: 10/10 MP: 6/6
   371 | D:1      | Reached XP level 2. HP: 15/15 MP: 5/8
   722 | D:1      | Reached XP level 3. HP: 4/20 MP: 3/9
   981 | D:1      | Learned a level 2 spell: Static Discharge
   985 | D:1      | Learned a level 3 spell: Swiftness
  1026 | D:1      | Found a faded altar of an unknown god.
  1066 | D:1      | You fall into a shaft and drop 1 floor!
  1066 | D:2      | Noticed Natasha
  1070 | D:2      | Killed Natasha
  1071 | D:2      | Reached skill level 4 in Air Magic
  1327 | D:2      | Identified the +0 leather armour of Xijaoza {Str+3}
  1360 | D:2      | Reached skill level 1 in Fighting
  1360 | D:2      | Reached XP level 4. HP: 25/25 MP: 5/10
  1651 | D:2      | Noticed Natasha
  1658 | D:2      | Killed Natasha
  1892 | D:2      | Noticed Natasha
  1899 | D:2      | Killed Natasha
  2148 | D:3      | Noticed Jessica
  2151 | D:3      | Killed Jessica
  2152 | D:3      | Reached XP level 5. HP: 29/29 MP: 8/12
  2350 | D:3      | Noticed Terence
  2367 | D:3      | Killed Terence
  2538 | D:3      | Reached skill level 1 in Armour
  2586 | D:3      | Found a shadowy altar of Dithmenos.
  2813 | D:3      | Learned a level 4 spell: Airstrike
  2926 | D:3      | Reached skill level 5 in Air Magic
  3024 | D:3      | Noticed Sigmund
  3123 | D:3      | Reached XP level 6. HP: 35/35 MP: 9/14
  4446 | D:4      | Learned a level 2 spell: Poisonous Vapours
  4527 | D:4      | Found a staircase to the Ecumenical Temple.
  4537 | Temple   | Entered the Ecumenical Temple
  4557 | Temple   | Became a worshipper of Sif Muna the Loreminder
  4804 | D:3      | Killed Sigmund
  4804 | D:3      | Killed by an exploding wight... ignited by their inner
                  | flame

Illustrated notes

Levels and vault maps discovered:
D:1:      dpeg_arrival_yet_another_circle, layout_rooms,
          shapermc_ecumenical_altar_petra, chequers_big_river
D:2:      layout_rooms, minmay_pentomino_o2, uniq_natasha
D:3:      layout_basic, overflow_temple_1_default, uniq_sigmund, uniq_jessica,
          uniq_terence
D:4:      layout_loops_corners, minmay_temple_entry_statues_fountains,
          minmay_pentangle
Temple:   minmay_freezing_vapour_temple

Skill      XL: |  1  2  3  4  5 |
---------------+----------------+-----
Dodging        | 3 |  3.7
Air Magic      | 4 5 |  5.4
Fighting       | 1 |  1.7
Armour         | 1 |  1.1
Spellcasting   | 4 |  4.5
Stealth        | |  2.4
Conjurations   | |  1.8
Poison Magic   | |  0.1

Action                   |  1- 3 |  4- 6 || total
-------------------------+-------+-------++-------
Melee: Dagger            |     2 |     6 ||     8
 Cast: Shock             |    56 |   123 ||   179
  Use: Scroll            |       |    12 ||    12
Armor: Robe              |     1 |       ||     1
       Leather armour    |       |     4 ||     4
Dodge: Dodged            |     7 |    15 ||    22
